 Dungeon Crawl Stone Soup version 0.22-a0-525-gf69a080 (webtiles) character file.

121 Stormphoenix the Skirmisher (level 5, -3/57 HPs)
             Began as an Ogre Fighter on June 20, 2018.
             Slain by Purgy (6 damage)
             ... on level 4 of the Dungeon.
             The game lasted 00:03:45 (2551 turns).

Stormphoenix the Skirmisher (Ogre Fighter)          Turns: 2551, Time: 00:03:46

Health: -3/57      AC:  4    Str: 25    XL:     5   Next: 5%
Magic:  5/5        EV:  8    Int: 10    God:
Gold:   52         SH:  8    Dex:  8    Spells: 4/4 levels left

rFire    . . .     SeeInvis .   a - +0 flail
rCold    . . .     Gourm    .   c - +0 shield
rNeg     . . .     Faith    .   b - +1 robe
rPois    .         Spirit   .   (helmet restricted)
rElec    .         Reflect  .   (no cloak)
rCorr    .         Harm     .   (gloves unavailable)
MR       .....                  (boots unavailable)
Stlth    +.........             (no amulet)
HPRegen  0.19/turn              h - +2 ring of slaying
MPRegen  0.09/turn              (no ring)

@: mighty
A: large, unfitting armour, tough skin 1
a: no special abilities


You were on level 4 of the Dungeon.
You were hungry.

You visited 1 branch of the dungeon, and saw 4 of its levels.

You collected 52 gold pieces.

Inventory:

Hand Weapons
 a - a +0 flail (weapon)
Armour
 b - a +1 robe (worn)
 c - a +0 shield (worn)
Jewellery
 h - a +2 ring of slaying (left hand)
Potions
 g - 2 potions of cancellation {unknown}
Comestibles
 f - 4 rations


   Skills:
 + Level 5.3 Fighting
 + Level 3.9 Maces & Flails
 - Level 2.6 Dodging
 - Level 2.6 Shields


You had 4 spell levels left.
You didn't know any spells.
Your spell library was empty.

Dungeon Overview and Level Annotations

Branches:
Dungeon (4/15)
 Temple: D:4-7

Altars:

Annotations:
D:3 Sigmund
D:4 Purgy


Innate Abilities, Weirdness & Mutations

You are too large for most types of armour.
You have tough skin. (AC +1)


Message History

Deactivating autopickup; reactivate with Ctrl-A.
There is an escape hatch in the floor here.
You are feeling hungry.
The ooze hits you but does no damage. You block Purgy's attack.
Purgy barely misses you. Purgy claws you but does no damage.
You slide downwards.
The hatch slams shut behind you.
You thump the ooze!
You kill the ooze!
Purgy bites you but does no damage. Purgy claws you.
* * * LOW HITPOINT WARNING * * *
You block Purgy's attack.
You sock Purgy!
Purgy is severely wounded.
Purgy bites you!
* * * LOW HITPOINT WARNING * * *
You block Purgy's attack. x2
You sock Purgy!
Purgy is almost dead.
Purgy bites you.
You die...

#.#
#.#
#.#
#.#
#.#
#.#
#.#
#@#
#T#
...
#..##
#..#
#..#
#..#
#..#


You could see Purgy.

Vanquished Creatures
  3 gnolls (D:3)
  3 adders (D:2)
  2 oozes
  2 dart slugs (D:2)
  2 leopard geckos (D:2)
  4 bats
  3 giant cockroaches
  7 goblins
  8 hobgoblins
  2 ball pythons
  3 frilled lizards (D:1)
  6 kobolds (D:1)
  10 rats
55 creatures vanquished.

Notes
Turn   | Place    | Note
-------+----------+-------------------------------------------
     0 | D:1      | Stormphoenix the Ogre Fighter began the quest for the Orb.
     0 | D:1      | Reached XP level 1. HP: 24/24 MP: 1/1
   316 | D:1      | Reached XP level 2. HP: 31/32 MP: 2/2
   660 | D:1      | Reached XP level 3. HP: 29/39 MP: 3/3
  1422 | D:2      | Reached XP level 4. HP: 26/49 MP: 4/4
  2267 | D:3      | Noticed Sigmund
  2303 | D:3      | Reached skill level 5 in Fighting
  2314 | D:3      | Reached XP level 5. HP: 17/57 MP: 5/5
  2535 | D:3      | Noticed Purgy
  2551 | D:4      | Slain by Purgy

Vault maps used:
D:1:      saegor_arrival_simple_e
D:2:      first_ration, grunt_ministairs_9
D:3:      minitemple, gammafunk_ghost_grave, uniq_sigmund, uniq_natasha,
          uniq_purgy
D:4:      minmay_temple_entry_butterflies, minmay_curled_crystal

Skill      XL: |  1  2  3  4 |
---------------+-------------+-----
Maces & Flails | 2 3 |  3.9
Fighting       | 5 |  5.3
Dodging        | |  2.6
Shields        | |  2.6

Action                   |  1- 3 |  4- 6 || total
-------------------------+-------+-------++-------
Melee: Flail             |   103 |    90 ||   193
  Use: Scroll            |     2 |     2 ||     4
       Potion            |       |     1 ||     1
  Eat: Chunk             |     2 |     3 ||     5
Armor: Robe              |    23 |    32 ||    55
Dodge: Dodged            |    37 |    39 ||    76
Block: Shield            |    41 |    49 ||    90

Table legend:
 A = Spawn XP
 B = Non-spawn XP
 C = Spawn XP percentage of total XP
 D = Spawn monster count
 E = Non-spawn monster count
 F = Spawn count percentage of total count
 G = Total turns spent on level
                    A         B        C        D         E        F      G
               +---------+---------+-------+---------+---------+-------+---------
         Total |       0 |     174 |   0.0 |       0 |      55 |   0.0 |  2551
               +---------+---------+-------+---------+---------+-------+---------
           D:1 |       0 |      41 |   0.0 |       0 |      23 |   0.0 |  1143
           D:2 |       0 |      83 |   0.0 |       0 |      28 |   0.0 |  1151
           D:3 |       0 |      43 |   0.0 |       0 |       3 |   0.0 |   254
           D:4 |       0 |       7 |   0.0 |       0 |       1 |   0.0 |     3
               +---------+---------+-------+---------+---------+-------+---------
